 Dungeon Crawl Stone Soup version 0.27-a0-926-g0e6d9124c6 (webtiles) character file.

Game seed: 4055254324233550429

5724 DarkShadow the Cleaver (level 10, -13/88 HPs)
             Began as a Minotaur Fighter on Apr 10, 2021.
             Mangled by an orc warlord
             ... wielding a +0 great sword
              (36 damage)
             ... on level 7 of the Dungeon.
             The game lasted 00:18:17 (7933 turns).

DarkShadow the Cleaver (Minotaur Fighter)           Turns: 7933, Time: 00:18:18

Health: -13/88     AC: 16    Str: 24    XL:     10   Next: 48%
Magic:  9/9        EV:  8    Int:  5    God:
Gold:   310        SH: 18    Dex: 10    Spells: 9/9 levels left

rFire    . . .     SeeInvis .   a - +0 war axe (spect)
rCold    . . .     Faith    .   c - +1 kite shield
rNeg     + . .     Spirit   .   j - +0 chain mail
rPois    .         Reflect  +   (helmet restricted)
rElec    .         Harm     .   v - +2 cloak
rCorr    .         Rampage  .   (no gloves)
Will     .....                  x - +0 pair of boots
Stlth    ..........             d - amulet of reflection
HPRegen  0.24/turn              e - ring of positive energy
MPRegen  0.11/turn              (no ring)

@: no status effects
A: horns 2, retaliatory headbutt
a: no special abilities


You were on level 7 of the Dungeon.
You visited 2 branches of the dungeon, and saw 8 of its levels.

You collected 310 gold pieces.

Inventory:

Hand Weapons
 a - a +0 spectral war axe (weapon)
 w - a +0 club
Missiles
 s - a throwing net
 u - a curare-tipped dart (quivered)
Armour
 b - a +0 scale mail
 c - a +1 kite shield (worn)
 j - a +0 chain mail (worn)
 v - a +2 cloak (worn)
 x - a +0 pair of boots (worn)
Jewellery
 d - an amulet of reflection (around neck)
 e - a ring of positive energy (left hand)
Wands
 n - a wand of paralysis (10)
Scrolls
 i - a scroll of teleportation
 r - a scroll of fog
Potions
 f - a potion of curing
 g - 2 potions of degeneration
 k - a potion of heal wounds
 l - 3 potions of brilliance
 m - 2 potions of haste
 o - a potion of flight {unknown}
 p - 2 potions of might
 q - a potion of resistance
 t - a potion of lignification {unknown}


   Skills:
 + Level 8.0 Fighting
 + Level 11.0 Axes
 + Level 10.0 Armour
 + Level 2.3 Dodging
 + Level 1.1 Stealth
 + Level 10.0 Shields


You had 9 spell levels left.
You didn't know any spells.
Your spell library contained the following spells:

 Spells                   Type           Power      Damage    Failure   Level
 Animate Skeleton         Necr           0%         N/A       99%         1
 Apportation              Tloc           0%         N/A       99%         1
 Corona                   Hex            0%         N/A       99%         1
 Magic Dart               Conj           0%         1d3       99%         1
 Pain                     Necr           0%         1d4       99%         1
 Summon Small Mammal      Summ           0%         N/A       99%         1
 Blink                    Tloc           N/A        N/A       100%        2
 Call Imp                 Summ           0%         N/A       100%        2
 Slow                     Hex            0%         N/A       100%        2
 Conjure Flame            Conj/Fire      0%         6-21      100%        3
 Mephitic Cloud           Conj/Pois/Air  0%         N/A       100%        3
 Vampiric Draining        Necr           0%         2d6       100%        3
 Animate Dead             Necr           0%         N/A       100%        4
 Agony                    Necr           0%         N/A       100%        5


Dungeon Overview and Level Annotations

Branches:
Dungeon (7/15)             Temple (1/1) D:5

Altars:
Ashenzari
Cheibriados
Dithmenos
Elyvilon
Fedhas
Hepliaklqana
Makhleb
Qazlal
Sif Muna
Trog
Vehumet
Wu Jian
Xom
Yredelemnul
Zin
The Shining One

Annotations:
D:7 2 transporters


Innate Abilities, Weirdness & Mutations

You have a pair of horns on your head.
You reflexively headbutt those who attack you in melee.


Message History

The orc warlord shouts!
You headbutt the orc!
You kill the orc!
You hear a shout!
Things that are here:
a +0 mace; an orc corpse The orc warlord roars a battlecry!
You hear a shout!
You hit the orc warlord.
You headbutt the orc warlord, but do no damage.
The orc warlord is lightly wounded.
Your spectral weapon completely misses the orc warlord.
The orc warlord hits you with a +0 great sword!!
You hit the orc warlord but do no damage.
The orc warlord is lightly wounded.
Your spectral weapon hits the orc warlord but does no damage.
The orc warlord grunts repeatedly, in orcish tradition.
You block the orc warlord's attack.
You hit the orc warlord but do no damage.
The orc warlord is lightly wounded.
Your spectral weapon hits the orc warlord.
The orc warlord hits you with a +0 great sword!
An orc comes into view. It is wielding a +0 war axe.
You hit the orc warlord but do no damage.
You headbutt the orc warlord.
The orc warlord is lightly wounded.
Your spectral weapon hits the orc warlord!
The orc warlord hits you with a +0 great sword!!
* * * LOW HITPOINT WARNING * * *
You hit the orc warlord.
The orc warlord is moderately wounded.
Your spectral weapon hits the orc warlord!
The orc warlord roars a battlecry!
The orc goes into a battle-frenzy!
You barely miss the orc warlord.
The orc warlord is moderately wounded.
Your spectral weapon hits the orc warlord.
Your spectral weapon barely misses the orc.
The orc warlord hits you with a +0 great sword!!!
You die...

.# #.######.#....#### .#
####.##..)#.........# .#
#...)...#...........# .#
#.##)##...#.........###### ##
####.##)######.#............#
#####[)...))#####..#....#######.#
..........)))).).................
≈≈≈≈≈≈≈≈≈≈≈))≈≈....≈≈≈≈≈≈≈≈≈≈≈≈≈≈
≈≈≈≈≈≈≈≈≈≈≈≈≈≈≈)@..≈≈≈≈≈≈≈≈≈≈≈≈≈≈
###≈≈≈≈≈≈≈≈≈≈≈≈.o(.≈≈≈≈≈≈≈≈≈≈≈≈##
..#.............o..............#.
..#############)'''#############.
#'# #.o..# #+ #.# '.....'....'...
# #######....#### # ##''## # ...


You could see an orc warlord, 2 orcs and a friendly +0 spectral war axe
(summoned).

Vanquished Creatures
  Pikel (D:4)
  Grinder (D:6)
  Sigmund (D:2)
  14 wargs (D:7)
  Menkaure (D:6)
  Duvessa (D:5)
  A hornet zombie (D:5)
  4 orc warriors (D:7)
  A black bear (D:4)
  A necrophage (D:7)
  2 centaurs
  4 ogres
  A phantom (D:5)
  3 lemures (D:4)
  2 kobold brigands
  3 bullfrogs (D:7)
  A scorpion (D:5)
  A gnoll sergeant (D:6)
  Dowan (D:5)
  A water moccasin skeleton (D:5)
  4 killer bees (D:7)
  5 wights (D:7)
  A centaur zombie (D:5)
  A centaur skeleton (D:5)
  A jelly (D:6)
  A gnoll shaman (D:3)
  3 orc priests
  A bullfrog skeleton (D:6)
  3 hounds
  3 iguanas
  4 orc wizards
  Terence (D:3)
  A killer bee zombie (D:6)
  A hound skeleton (D:4)
  7 gnolls
  11 adders
  2 shadow imps (D:7)
  A white imp (D:7)
  An ufetubus (D:7)
  An adder skeleton (D:4)
  38 orcs
  2 bats (D:3)
  5 endoplasms
  3 giant cockroaches
  2 goblins (D:4)
  5 hobgoblins
  6 jackals
  2 quokkas
  A ball python (D:2)
  4 frilled lizards
  13 kobolds
  6 rats
185 creatures vanquished.

Vanquished Creatures (others)
  11 plants (D:7)
11 creatures vanquished.

Grand Total: 196 creatures vanquished

Notes
Turn   | Place    | Note
-------+----------+-------------------------------------------
     0 | D:1      | DarkShadow the Minotaur Fighter began the quest for the
                  | Orb.
     0 | D:1      | Reached XP level 1. HP: 19/19 MP: 0/0
   306 | D:1      | Reached XP level 2. HP: 27/27 MP: 1/1
   384 | D:1      | Found a faded altar of an unknown god.
   634 | D:2      | Noticed Sigmund
   647 | D:2      | Killed Sigmund
   648 | D:2      | Reached skill level 3 in Axes
   648 | D:2      | Reached XP level 3. HP: 31/34 MP: 2/2
   648 | D:2      | Reached XP level 4. HP: 38/41 MP: 3/3
   648 | D:2      | Reached XP level 5. HP: 43/47 MP: 4/4
   930 | D:2      | Reached skill level 4 in Axes
  1216 | D:3      | Reached skill level 5 in Armour
  1232 | D:3      | Noticed Terence
  1240 | D:3      | Killed Terence
  1453 | D:3      | Reached XP level 6. HP: 55/55 MP: 5/5
  1525 | D:3      | Reached skill level 5 in Axes
  1874 | D:3      | Found an ornate altar of the Wu Jian Council.
  2056 | D:4      | Reached skill level 5 in Fighting
  2056 | D:4      | Reached skill level 5 in Shields
  2272 | D:4      | Noticed Pikel
  2290 | D:4      | Killed Pikel
  2291 | D:4      | Reached skill level 6 in Axes
  2291 | D:4      | Reached skill level 1 in Dodging
  2291 | D:4      | Reached XP level 7. HP: 20/61 MP: 6/6
  2528 | D:4      | Found a hazy altar of Hepliaklqana.
  3030 | D:5      | Entered Level 5 of the Dungeon
  3038 | D:5      | Reached XP level 8. HP: 63/68 MP: 7/7
  3140 | D:5      | Reached skill level 7 in Axes
  3223 | D:5      | Noticed Dowan
  3224 | D:5      | Noticed Duvessa
  3233 | D:5      | Killed Duvessa
  3252 | D:5      | Killed Dowan
  3494 | D:5      | Found a staircase to the Ecumenical Temple.
  3541 | Temple   | Entered the Ecumenical Temple
  3877 | D:5      | Reached skill level 8 in Axes
  4276 | D:6      | Noticed Grinder
  4288 | D:6      | Killed Grinder
  4289 | D:6      | Reached XP level 9. HP: 66/75 MP: 8/8
  5222 | D:6      | Noticed Menkaure
  5226 | D:6      | Killed Menkaure
  5227 | D:6      | Reached skill level 9 in Axes
  6663 | D:7      | Found a transporter.
  6664 | D:7      | Found a transporter.
  6851 | D:7      | Reached skill level 10 in Axes
  6958 | D:7      | Reached XP level 10. HP: 76/86 MP: 9/9
  7042 | D:7      | Reached skill level 1 in Stealth
  7584 | D:7      | Noticed an orc knight
  7601 | D:7      | Reached skill level 11 in Axes
  7601 | D:7      | Reached skill level 10 in Armour
  7602 | D:7      | Reached skill level 10 in Shields
  7922 | D:7      | Noticed an orc warlord
  7933 | D:7      | Mangled by an orc warlord

Illustrated notes

Levels and vault maps discovered:
D:1:      grunt_arrival_crossed_arrows, layout_rooms,
          hellmonk_ecumenical_altar_leap_of_faith, lemuel_another_geyser
D:2:      layout_rooms, uniq_sigmund
D:3:      layout_basic, nzn_wu_jian_contemplation, st_stairs_6, uniq_terence
D:4:      layout_cave_pods, general_overflow_altar, uniq_pikel
D:5:      layout_rooms, minmay_temple_entry_offerings, minmay_misc_feat_alley,
          kennysheep_nondescript, corexii_checkpoint_a, amethyst_killhole,
          uniq_duvessa
D:6:      layout_layer_cave, minmay_puff, uniq_grinder, uniq_menkaure
D:7:      lemuel_castle_with_subvaults [lemuel_castle_interior_original],
          layout_loops_corners, kennysheep_mini_moat,
          gammafunk_ghost_gnarly_gnolls, corexii_hall_statues_x
Temple:   nicolae_temple_great_sept

Skill      XL: |  1  2  3  4  5  6  7  8  9 10 |
---------------+-------------------------------+-----
Fighting       | 4 5 7 8 |  8.0
Armour         | 4 5 6 7 8 9 10 | 10.0
Shields        | 4 6 8 9 10 | 10.0
Axes           | 3 4 6 8 10 11 | 11.0
Dodging        | 1 2 |  2.3
Stealth        | 1 |  1.1

Action                   |  1- 3 |  4- 6 |  7- 9 | 10-12 || total
-------------------------+-------+-------+-------+-------++-------
Melee: War axe           |    30 |   103 |   186 |   124 ||   443
       Headbutt          |     8 |    19 |    46 |    27 ||   100
  Use: Scroll            |     2 |     5 |     7 |     1 ||    15
       Potion            |     1 |     1 |       |       ||     2
 Stab: Distracted        |       |       |     1 |     1 ||     2
Armor: Scale mail        |     6 |       |       |       ||     6
       Chain mail        |    11 |    36 |    53 |    26 ||   126
Dodge: Dodged            |     8 |    16 |    37 |    19 ||    80
Block: Kite shield       |    13 |    83 |   150 |    90 ||   336
       Reflection        |       |       |     9 |     2 ||    11

Table legend: (Time is in decaauts)
 A = Elapsed time spent in this place.
 B = Non-inter-level travel time spent in this place.
 C = Inter-level travel time spent in this place.
 D = Time resting spent in this place.
 E = Time spent auto-exploring this place.
 F = Levels seen in this place.
 G = Mean time per level.
                   A        B        C        D        E       F      G
               +--------+--------+--------+--------+--------+-----+--------+
         Total |   8071 |   7955 |    116 |   1601 |   4276 |   8 | 1008.9 |
       Dungeon |   7969 |   7853 |    116 |   1601 |   4269 |   7 | 1138.4 |
        Temple |    101 |    101 |      0 |      0 |      7 |   1 |  101.0 |
               +--------+--------+--------+--------+--------+-----+--------+

Top non-repeatable levels by time:
     D:6: 2038 daAuts
     D:7: 1890 daAuts
     D:4: 1042 daAuts
     D:5: 944 daAuts
     D:3: 859 daAuts
     D:2: 622 daAuts
     D:1: 572 daAuts
  Temple: 101 daAuts
